 Dungeon Crawl Stone Soup version 0.22.1-1-ga44c0e5 (webtiles) character file.

3427 brandon the Destroyer (level 9, -7/54 HPs)
             Began as a Deep Elf Fire Elementalist on Oct 6, 2018.
             Was a Believer of Vehumet.
             Mangled by a troll zombie (8 damage)
             ... on level 9 of the Dungeon.
             The game lasted 00:23:00 (11286 turns).

brandon the Destroyer (Deep Elf Fire Elementalist) Turns: 11286, Time: 00:23:01

Health: -7/54      AC:  3    Str:  5    XL:     9   Next: 76%
Magic:  6/23       EV: 13    Int: 24    God:    Vehumet [**....]
Gold:   360        SH:  0    Dex: 15    Spells: 10/25 levels left

rFire    . . .     SeeInvis .   i - +1 whip (elec)
rCold    . . .     Gourm    .   (no shield)
rNeg     . . .     Faith    .   f - +0 robe (curse)
rPois    .         Spirit   .   (no helmet)
rElec    .         Reflect  .   z - +0 cloak
rCorr    .         Harm     .   (no gloves)
MR       .....                  (no boots)
Stlth    ++........             q - amulet of the acrobat
HPRegen  0.18/turn              (no ring)
MPRegen  0.18/turn              (no ring)

@: no status effects
A: no striking features
a: Renounce Religion


You were on level 9 of the Dungeon.
You worshipped Vehumet.
Vehumet was pleased with you.
You were not hungry.

You visited 2 branches of the dungeon, and saw 10 of its levels.

You collected 360 gold pieces.

Inventory:

Hand Weapons
 i - a +1 whip of electrocution (weapon)
Armour
 f - a cursed +0 robe (worn)
 t - a +2 robe of resistance
 z - a +0 cloak (worn)
Jewellery
 q - an amulet of the acrobat (around neck)
 A - an uncursed ring of see invisible {unknown}
Wands
 p - a wand of flame (27)
 x - a wand of paralysis (12)
 y - a wand of disintegration (11)
Scrolls
 a - a scroll of noise {unknown}
 b - 5 scrolls of enchant weapon
 g - a scroll of teleportation
 j - a scroll of amnesia {unknown}
 m - 3 scrolls of fear {unknown}
 o - 4 scrolls of enchant armour
 w - a scroll of remove curse
Potions
 d - a potion of invisibility {unknown}
 e - a potion of mutation {unknown}
 h - 2 potions of agility {unknown}
 k - a potion of brilliance {unknown}
 l - a potion of resistance {unknown}
 n - a potion of flight {unknown}
 r - 2 potions of lignification
 s - a potion of degeneration {unknown}
 v - a potion of berserk rage {unknown}
Comestibles
 c - 9 rations


   Skills:
 + Level 5.0 Fighting
 - Level 2.4 Dodging
 - Level 2.4 Stealth
 + Level 8.7 Spellcasting
 * Level 9.7 Conjurations
 + Level 7.6 Fire Magic


You had 10 spell levels left.
You knew the following spells:

 Your Spells              Type           Power        Failure   Level  Hunger
a - Flame Tongue          Conj/Fire      #####        1%          1    None
b - Throw Flame           Conj/Fire      ######       1%          2    None
c - Conjure Flame         Conj/Fire      ######..     1%          3    None
d - Sticky Flame          Conj/Fire      ######..     1%          4    ##.....
e - Fireball              Conj/Fire      ######....   4%          5    ####...

Your spell library contained the following spells:

 Spells                   Type           Power        Failure   Level  Hunger
 Shock                    Conj/Air       ####         1%          1    None
 Inner Flame              Hex/Fire       ####....     3%          3    None


Dungeon Overview and Level Annotations

Branches:
Dungeon (9/15)             Temple (1/1) D:4
   Lair: D:8-11         Orc: D:9-12

Altars:
Ashenzari
Cheibriados
Dithmenos
Elyvilon
Fedhas
Gozag
Hepliaklqana
Kikubaaqudgha
Makhleb
Nemelex Xobeh
Okawaru
Qazlal
Ru
Sif Muna
Trog
Uskayaw
Vehumet
Wu Jian
Xom
Yredelemnul
Zin
The Shining One
Beogh

Annotations:
D:4 1 runed door
D:7 3 runed doors, whitenoisemaker's ghost, novice SpAs


Message History

The ogre zombie is severely damaged.
The ogre zombie is covered in liquid flames!
The ogre zombie burns!
The troll zombie burns!
The ogre zombie closely misses you. The troll zombie completely misses you.
The troll zombie claws you.
* * * LOW HITPOINT WARNING * * *
The troll zombie claws you!
* * * LOW HITPOINT WARNING * * *
Casting: Sticky Flame (safe; 1% risk of failure)
Confirm with . or Enter, or press ? or * to list all spells.
Aiming: Sticky Flame (safe; 1% risk of failure)
Press: ? - help, Shift-Dir - straight line, f/p - ogre zombie
Aim: an ogre zombie (almost destroyed, covered in liquid flames)
The sticky flame hits the ogre zombie.
You destroy the ogre zombie!
Vehumet accepts your kill.
The troll zombie burns!
The troll zombie bites you!
* * * LOW HITPOINT WARNING * * *
The troll zombie claws you!
You die...

+.....§§§≈§§..#
#......§......#
#........≈....#
#.............#
#..<.#........#
#....#...#....#
#....#...#....# ## ####
###...'...#....# .###$.##
#.§Z@.#####....# #.#.Z..#
#.##.........### #ZZ###.#
.. #.........#
.Z..#.#.Z.Z# #.........#
#.##..###.## #.........#
#..##......$####........##
#W# ..###..##...........#
... #.# .#...........# #..
.#. #...........#


You could see a troll zombie (burning).

Vanquished Creatures
  A hungry ghost (D:7)
  Edmund (D:6)
  A water moccasin (D:6)
  Duvessa (D:6)
  3 ice beasts
  2 orc warriors (D:7)
  3 sky beasts
  2 phantoms
  2 ogres
  Blork the orc (D:6)
  2 bullfrogs
  Dowan (D:6)
  A scorpion (D:4)
  5 killer bees (D:7)
  8 wights
  2 howler monkeys
  5 crimson imps
  A bullfrog zombie (D:6)
  A centaur zombie (D:6)
  A hound (D:7)
  A centaur skeleton (D:8)
  2 orc priests (D:6)
  5 worker ants
  3 iguanas
  4 orc wizards
  An ogre zombie (D:9)
  A howler monkey zombie (D:6)
  4 gnolls
  12 adders
  3 shadow imps
  3 oozes
  An adder skeleton (D:8)
  2 worms (D:2)
  2 leopard geckos
  28 orcs
  9 bats
  5 giant cockroaches
  9 goblins
  7 hobgoblins
  6 jackals
  8 kobolds
  3 quokkas
  4 frilled lizards
  A hobgoblin zombie (D:9)
  A jackal skeleton (D:4)
  An orc zombie (D:9)
  A quokka zombie (D:8)
  9 rats
180 creatures vanquished.

Vanquished Creatures (others)
  2 fungi (D:9)
2 creatures vanquished.

Grand Total: 182 creatures vanquished

Notes
Turn   | Place    | Note
-------+----------+-------------------------------------------
     0 | D:1      | brandon the Deep Elf Fire Elementalist began the quest for
                  | the Orb.
     0 | D:1      | Reached XP level 1. HP: 10/10 MP: 6/6
   398 | D:1      | Reached XP level 2. HP: 16/16 MP: 2/8
   450 | D:1      | Learned a level 2 spell: Throw Flame
   573 | D:1      | Reached skill level 2 in Conjurations
   830 | D:1      | Reached XP level 3. HP: 20/20 MP: 2/9
   892 | D:1      | Learned a level 3 spell: Conjure Flame
  1318 | D:2      | Found a glowing golden altar of the Shining One.
  1325 | D:2      | Found a snail-covered altar of Cheibriados.
  1588 | D:2      | Reached skill level 1 in Fighting
  1672 | D:2      | Reached XP level 4. HP: 15/25 MP: 0/11
  2009 | D:2      | Learned a level 4 spell: Sticky Flame
  2325 | D:2      | Reached skill level 3 in Conjurations
  2916 | D:3      | Reached XP level 5. HP: 29/29 MP: 4/13
  3493 | D:4      | Reached skill level 4 in Conjurations
  3670 | D:4      | Noticed an ogre
  3683 | D:4      | Killed an ogre
  3683 | D:4      | Reached XP level 6. HP: 35/35 MP: 3/15
  3880 | D:4      | Found an ornate altar of the Wu Jian Council.
  4031 | D:4      | Found a staircase to the Ecumenical Temple.
  4047 | Temple   | Entered the Ecumenical Temple
  4205 | Temple   | Became a worshipper of Vehumet
  4666 | D:4      | Found a runed door.
  4810 | D:5      | Entered Level 5 of the Dungeon
  4856 | D:5      | Reached skill level 5 in Spellcasting
  5107 | D:5      | Reached skill level 5 in Conjurations
  5107 | D:5      | Reached XP level 7. HP: 13/40 MP: 0/16
  5315 | D:5      | Learned a level 5 spell: Fireball
  5385 | D:5      | Found a hazy altar of Hepliaklqana.
  5483 | D:5      | Reached skill level 5 in Fire Magic
  5635 | D:5      | Found an ancient bone altar of Kikubaaqudgha.
  6141 | D:6      | Noticed Edmund
  6146 | D:6      | Killed Edmund
  6146 | D:6      | Reached skill level 6 in Conjurations
  6315 | D:6      | Noticed Blork the orc
  6543 | D:6      | Killed Blork the orc
  6643 | D:6      | Reached XP level 8. HP: 44/46 MP: 8/19
  6812 | D:6      | Reached * piety under Vehumet
  6812 | D:6      | Offered knowledge of Sting by Vehumet.
  6812 | D:6      | Noticed Duvessa
  6896 | D:6      | Noticed Dowan
  6920 | D:6      | Killed Duvessa
  6920 | D:6      | Reached skill level 7 in Conjurations
  7076 | D:6      | Killed Dowan
  7740 | D:7      | Found a white marble altar of Elyvilon.
  7874 | D:7      | Reached skill level 8 in Conjurations
  8104 | D:7      | Reached XP level 9. HP: 46/52 MP: 12/22
  8379 | D:6      | HP: 2/52 [poisoned by a water moccasin]
  8387 | D:6      | HP: 2/52 [poisoned by a water moccasin]
  9241 | D:7      | Found a runed gate.
  9241 | D:7      | Noticed whitenoisemaker's ghost (novice SpAs)
  9242 | D:7      | Found a runed gate.
  9243 | D:7      | Found a runed gate.
  9582 | D:7      | Found a roughly hewn altar of Beogh.
  9740 | D:8      | Reached skill level 9 in Conjurations
 10045 | D:8      | Reached ** piety under Vehumet
 10045 | D:8      | Offered knowledge of Shock by Vehumet.
 10235 | D:8      | Paralysed by an orc warrior for 6 turns
 11087 | D:9      | Reached skill level 5 in Fighting
 11253 | D:9      | Found an ancient bone altar of Kikubaaqudgha.
 11254 | D:9      | Noticed a rust devil
 11254 | D:9      | Noticed an orange demon
 11286 | D:9      | HP: 1/54 [troll zombie (15)]
 11286 | D:9      | Mangled by a troll zombie

Skill      XL: |  1  2  3  4  5  6  7  8  9 |
---------------+----------------------------+-----
Conjurations   | 2 3 4 5 6 8 9 |  9.7
Fighting       | 1 2 3 4 5 |  5.0
Spellcasting   | 4 5 6 7 8 |  8.7
Fire Magic     | 4 5 6 7 |  7.6
Dodging        | |  2.4
Stealth        | |  2.4

Action                   |  1- 3 |  4- 6 |  7- 9 || total
-------------------------+-------+-------+-------++-------
Melee: Club              |     3 |       |       ||     3
       Whip              |    13 |     9 |    42 ||    64
       Dagger            |     9 |    10 |       ||    19
 Cast: Flame Tongue      |    39 |    74 |   126 ||   239
       Throw Flame       |    27 |    36 |    43 ||   106
       Sticky Flame      |       |    11 |    61 ||    72
       Conjure Flame     |       |     1 |    10 ||    11
       Fireball          |       |       |    11 ||    11
  Use: Scroll            |       |     5 |     3 ||     8
       Potion            |       |       |     2 ||     2
  Eat: Chunk             |     3 |     8 |    16 ||    27
       Ration            |       |     1 |     4 ||     5
Armor: Robe              |    11 |     7 |    13 ||    31
       Skin              |       |       |     8 ||     8
Dodge: Dodged            |    37 |    24 |    93 ||   154
